 Dungeon Crawl Stone Soup version 0.31-a0-234-gad7ace16ef (webtiles) character file.

Game seed: 10398702862338735145

12648 qw the Marksminotaur (level 11, 0/108 HPs)
             Began as a Minotaur Hexslinger on July 9, 2023.
             Was a Priest of Okawaru.
             Slain by a death yak (7 damage)
             ... on level 2 of the Lair of Beasts.
             The game lasted 00:04:31 (12177 turns).

qw the Marksminotaur (Minotaur Hexslinger)         Turns: 12177, Time: 00:04:31

Health: 0/108      AC: 15    Str: 12    XL:     11   Next: 65%
Magic:  13/13      EV: 18    Int: 10    God:    Okawaru [***...]
Gold:   430        SH:  0    Dex: 21    Spells: 11/12 levels left

rFire   . . .        m - +1 orcbow (freeze)
rCold   + . .        (shield currently unavailable)
rNeg    . . .        o - +2 ring mail {rC+}
rPois   .            (helmet restricted)
rElec   .            n - +0 cloak
rCorr   .            k - +1 pair of gloves {Dex+3}
SInv    .            g - +0 pair of boots
Will    +....        (no amulet)
Stlth   +++          c - ring of willpower
HPRegen 0.38/turn    (no ring)
MPRegen 0.13/turn

%: no passive effects
@: heroic
A: horns 2, retaliatory headbutt, robust 1, MP-powered wands
a: Renounce Religion, Heroism


You were on level 2 of the Lair of Beasts.
You worshipped Okawaru.
Okawaru was most pleased with you.
You visited 3 branches of the dungeon, and saw 11 of its levels.

You collected 545 gold pieces.
You spent 115 gold pieces at shops.


Innate Abilities, Weirdness & Mutations

You have a pair of horns on your head.
You reflexively headbutt those who attack you in melee.
You are robust. (+10% HP)
You expend magic power (3 MP) to strengthen your wands.


   Skills:
 - Level 10.0(15.0) Fighting
 + Level 15.2(20.2) Ranged Weapons
 - Level 6.5(11.5) Armour
 - Level 7.0(12.0) Dodging
 - Level 1.0 Spellcasting
 - Level 2.0 Hexes
 - Level 4.3 Invocations


You had 11 spell levels left.
You knew the following spells:

 Your Spells              Type           Power      Damage    Failure   Level
a - Slow                  Hex            16%        N/A       28%         1

Your spell library contained the following spells:

 Spells                   Type           Power      Damage    Failure   Level
 Inner Flame              Hex/Fire       2%         N/A       77%         3
 Portal Projectile        Hex/Tloc       4%         N/A       77%         3
 Cause Fear               Hex            2%         N/A       95%         4

Inventory:

Hand Weapons
 m - a +1 orcbow of freezing (weapon)
Armour
 g - a +0 pair of boots (worn)
 k - a +1 pair of gloves of dexterity (worn)
 n - a +0 cloak (worn)
 o - a +2 ring mail of cold resistance (worn)
Jewellery
 c - a ring of willpower (left hand)
Scrolls
 b - a scroll of vulnerability {unknown}
 f - a scroll of identify
Potions
 a - 2 potions of mutation
 d - a potion of might
 h - 5 potions of curing
 i - 2 potions of haste
 l - a potion of resistance

Dungeon Overview and Level Annotations

Branches:
Dungeon (8/15)             Temple (1/1) D:6            Lair (2/5) D:8
  Swamp: Lair:2-3    Shoals: Lair:2-3     Snake: Lair:2-3    Spider: Lair:2-3

Altars:
Ashenzari
Cheibriados
Dithmenos
Elyvilon
Fedhas
Gozag
Hepliaklqana
Kikubaaqudgha
Makhleb
Nemelex Xobeh
Okawaru
Ru
Sif Muna
Trog
Vehumet
Wu Jian
Xom
Yredelemnul
Zin
The Shining One

Shops:
D:2 *[*[(   D:8 :

Annotations:
D:5 1 runed translucent door, qw's ghost, amateur GrFi
D:6 Dowan
D:7 exclusion: 2 orc warriors
D:8 1 transporter
Lair:2 2 transporters, Nergalle; qw's ghost, journeyman GrFi


Message History

The arrow freezes the death yak.
The death yak is almost dead.
A nearby plant withers and dies.
The death yak closely misses you. You furiously retaliate!
You headbutt the death yak. The death yak barely misses you.
You furiously retaliate!
You headbutt the death yak, but do no damage.
You shoot an arrow. The arrow hits the death yak!
The arrow freezes the death yak.
The death yak is almost dead.
The death yak gores you but does no damage. x2
You shoot an arrow. The arrow hits the death yak.
The arrow freezes the death yak.
You kill the death yak!
Okawaru is honoured by your kill. The death yak completely misses you.
You furiously retaliate!
You headbutt the death yak! You shoot an arrow. The arrow hits the death yak!
The arrow freezes the death yak.
The death yak is moderately wounded.
The death yak gores you!! The death yak barely misses you.
You furiously retaliate!
You headbutt the death yak. You shoot an arrow. The arrow hits the death yak!
The arrow freezes the death yak.
The death yak is heavily wounded.
You shoot an arrow. The arrow barely misses the death yak.
The death yak misses you. The death yak closely misses you.
You shoot an arrow. The arrow hits the death yak!
The arrow freezes the death yak.
The death yak is heavily wounded.
The death yak closely misses you. The death yak gores you!
You shoot an arrow. The arrow hits the death yak!
The arrow freezes the death yak.
The death yak is severely wounded.
The death yak closely misses you. You furiously retaliate!
You headbutt the death yak. The death yak gores you.
You shoot an arrow. The arrow hits the death yak.
The arrow freezes the death yak.
The death yak is severely wounded.
The death yak gores you!
You die...

#.....#yy#.y.#y ##
#..#.^#y.#.# #y ##.
#.###.#y.#.y #y
##..###..##.#.#.#.#.#
#....##.###.##...#.
#....##..#..####.#.##
#..........##.y #..y
#.#.#####/.# #y# #y# ..
#@# ...# ### ##
.....YYY...# ...###.###
.......#................
.###... ....P.#.#..%..<.
...#. .#..........####
...... ##......#.# ....
#. ..#. . .... .. ...


You could see 3 death yaks.

Vanquished Creatures
  Harold (D:8)
  2 death yaks (Lair:2)
  3 elephants (Lair:2)
  2 cane toads (Lair:1)
  Maurice (D:8)
  A rime drake (Lair:1)
  5 komodo dragons
  A hornet (D:8)
  3 blink frogs (Lair:1)
  Sigmund (D:6)
  13 yaks
  2 basilisks (D:8)
  7 water moccasins
  Duvessa (D:6)
  2 orc warriors
  3 black bears
  3 ice beasts
  A swamp drake (D:8)
  7 wolves
  3 centaurs
  3 kobold brigands
  3 bullfrogs
  7 scorpions (D:5)
  6 killer bees (D:8)
  A howler monkey (D:4)
  A crimson imp (D:3)
  3 jellies
  2 orc priests
  A hound (D:4)
  A gnoll bouda (D:5)
  2 iguanas
  8 orc wizards
  Robin (D:3)
  9 gnolls
  8 adders
  3 shadow imps
  3 white imps
  An ufetubus (D:6)
  2 worms
  5 dart slugs
  21 orcs
  7 endoplasms
  5 giant cockroaches
  10 goblins
  14 hobgoblins
  7 jackals
  4 quokkas
  4 ball pythons
  8 bats
  4 frilled lizards
  22 kobolds
  2 rats (D:1)
240 creatures vanquished.

Notes
Turn   | Place    | Note
-------+----------+-------------------------------------------
     0 | D:1      | qw the Minotaur Hexslinger began the quest for the Orb.
     0 | D:1      | Reached XP level 1. HP: 16/16 MP: 1/1
     0 | D:1      | 0 ||| qw: Version: 0.3-a-51-g015441d
     0 | D:1      | 0 ||| qw: Game counter: 4347
     0 | D:1      | 0 ||| qw: Melee chars always use a shield: true
     0 | D:1      | 0 ||| qw: God list: Okawaru
     0 | D:1      | 0 ||| qw: Allow faded altars: false
     0 | D:1      | 0 ||| qw: Do Orc after clearing Dungeon:15 true
     0 | D:1      | 0 ||| qw: Do second Lair branch before Depths: true
     0 | D:1      | 0 ||| qw: Lair rune preference: random
     0 | D:1      | 0 ||| qw: Goals: Normal
     0 | D:1      | 0 ||| PLANNING D:1-11
     7 | D:1      | 7 ||| FLEEEEING.
     8 | D:1      | 8 ||| FLEEEEING.
    57 | D:1      | Reached skill level 3 in Ranged Weapons
    57 | D:1      | Reached XP level 2. HP: 23/23 MP: 2/2
   230 | D:1      | Reached XP level 3. HP: 29/29 MP: 3/3
   350 | D:1      | Reached skill level 4 in Ranged Weapons
   530 | D:1      | Found a faded altar of an unknown god.
   593 | D:1      | 593 ||| UPGRADING to +0 pair of boots.
   598 | D:1      | 598 ||| READING scroll labelled WAKLERREP.
   599 | D:1      | 599 ||| READING scroll labelled VOFANE CINATI.
   700 | D:1      | 700 ||| READING 2 scrolls labelled YFOYXKENUYD.
   701 | D:1      | 701 ||| READING scroll labelled OBEPROQ GITOI.
   702 | D:1      | 702 ||| READING scroll labelled HOINKE HEATWYMP.
   706 | D:1      | 706 ||| DROPPING scroll of poison.
   789 | D:2      | Identified the +11 dagger of Resourcefulness {antimagic,
                  | Will+ Str+4}
   835 | D:2      | Found Urekkum's Weapon Shop.
   920 | D:2      | Found Xuntuikh's Assorted Antiques.
   928 | D:2      | 928 ||| BUYING forked fluorescent wand (88 gold).
   928 | D:2      | Bought a forked fluorescent wand for 88 gold pieces
   928 | D:2      | 928 ||| SHOPLISTING leather armour (44 gold, have 32).
   928 | D:2      | 928 ||| SHOPLISTING scroll of identify (44 gold, have 32).
   928 | D:2      | 928 ||| SHOPLISTING scroll of teleportation (66 gold, have
                  | 32).
   949 | D:2      | Found Byxuguse's Assorted Antiques.
   964 | D:2      | 964 ||| SHOPLISTING long glass wand (108 gold, have 32).
   964 | D:2      | 964 ||| BUYING scroll labelled DYTUAR BUOT (27 gold).
   964 | D:2      | Bought a scroll labelled DYTUAR BUOT for 27 gold pieces
   964 | D:2      | 964 ||| SHOPLISTING scroll labelled RANWUA LYHOA (27 gold,
                  | have 5).
   964 | D:2      | 964 ||| SHOPLISTING scroll of identify (54 gold, have 5).
   964 | D:2      | 964 ||| SHOPLISTING silvery potion (24 gold, have 5).
  1077 | D:2      | Found Buod's Armour Boutique.
  1086 | D:2      | 1086 ||| SHOPLISTING +0 ring mail (40 gold, have 5).
  1086 | D:2      | 1086 ||| SHOPLISTING +1 leather armour of cold resistance
                  | (140 gold, have 5).
  1086 | D:2      | 1086 ||| SHOPLISTING +1 ring mail of the Swamp {Contam
                  | rPois rC+ Dex+6} (342 gold, have 5).
  1086 | D:2      | 1086 ||| SHOPLISTING +3 leather armour of Gozag's
                  | Benevolence {+Blink rN++ rCorr Str-3} (408 gold, have 5).
  1086 | D:2      | 1086 ||| SHOPLISTING scarf of resistance (320 gold, have
                  | 5).
  1364 | D:2      | Reached XP level 4. HP: 36/36 MP: 4/4
  1447 | D:2      | Found Onlysicwi's Antique Armour Shop.
  1452 | D:2      | 1452 ||| SHOPLISTING bloodstained ring mail (252 gold, have
                  | 28).
  1585 | D:2      | 1585 ||| UPGRADING to +0 pair of gloves of dexterity.
  1590 | D:2      | 1590 ||| UPGRADING to +2 ring mail of cold resistance.
  1600 | D:2      | 1600 ||| DROPPING +0 robe.
  1601 | D:2      | 1601 ||| READING scroll labelled ABIELA SA DAEF.
  1602 | D:2      | 1602 ||| READING scroll labelled DYTUAR BUOT.
  1603 | D:2      | 1603 ||| READING scroll labelled WOSURE YMYKEDU.
  1604 | D:2      | 1604 ||| READING scroll labelled VIWKERIRRO.
  1605 | D:2      | 1605 ||| READING scroll labelled NAQOUWUBBI.
  1606 | D:2      | 1606 ||| DRINKING 2 bubbling pink potions.
  1607 | D:2      | 1607 ||| READING 5 scrolls of identify.
  1607 | D:2      | 1607 ||| IDENTIFYING golden potion
  1608 | D:2      | 1608 ||| READING 4 scrolls of identify.
  1608 | D:2      | 1608 ||| IDENTIFYING viscous brown potion
  1609 | D:2      | 1609 ||| READING 3 scrolls of identify.
  1609 | D:2      | 1609 ||| IDENTIFYING lumpy red potion
  1610 | D:2      | 1610 ||| READING 2 scrolls of identify.
  1610 | D:2      | 1610 ||| IDENTIFYING purple potion
  1611 | D:2      | 1611 ||| DROPPING potion of brilliance.
  1612 | D:2      | 1612 ||| DROPPING wand of mindburst (7).
  1613 | D:2      | 1613 ||| DROPPING potion of degeneration.
  1772 | D:3      | Found a burning altar of Makhleb.
  1772 | D:3      | Found a shimmering altar of Xom.
  1850 | D:3      | Found a radiant altar of Vehumet.
  1857 | D:3      | Noticed Robin
  1866 | D:3      | Reached skill level 5 in Ranged Weapons
  1866 | D:3      | Reached XP level 5. HP: 28/41 MP: 5/5
  1868 | D:3      | Killed Robin
  1941 | D:3      | Found a glowing silver altar of Zin.
  1945 | D:3      | Found an ancient bone altar of Kikubaaqudgha.
  2183 | D:3      | Noticed a black bear
  2190 | D:3      | Killed a black bear
  2443 | D:3      | 2443 ||| UPGRADING to ring of willpower.
  2444 | D:3      | 2444 ||| DRINKING 3 black potions.
  2444 | D:3      | Gained mutation: You are robust. (+10% HP) [potion of
                  | mutation]
  2444 | D:3      | Gained mutation: You expend magic power (3 MP) to
                  | strengthen your wands. [potion of mutation]
  2458 | D:3      | 2458 ||| READING 2 scrolls of identify.
  2458 | D:3      | 2458 ||| IDENTIFYING amethyst potion
  2459 | D:3      | 2459 ||| DROPPING potion of magic.
  2546 | D:4      | Reached XP level 6. HP: 58/58 MP: 6/6
  2638 | D:4      | Reached skill level 6 in Ranged Weapons
  2726 | D:4      | 2726 ||| FLEEEEING.
  2727 | D:4      | 2727 ||| FLEEEEING.
  2732 | D:4      | 2732 ||| FLEEEEING.
  2733 | D:4      | 2733 ||| FLEEEEING.
  2734 | D:4      | 2734 ||| FLEEEEING.
  2735 | D:4      | 2735 ||| FLEEEEING.
  2736 | D:4      | 2736 ||| FLEEEEING.
  2737 | D:4      | 2737 ||| FLEEEEING.
  2738 | D:4      | 2738 ||| FLEEEEING.
  2739 | D:4      | 2739 ||| FLEEEEING.
  2740 | D:4      | 2740 ||| FLEEEEING.
  2741 | D:4      | 2741 ||| FLEEEEING.
  2742 | D:4      | 2742 ||| FLEEEEING.
  2743 | D:4      | 2743 ||| FLEEEEING.
  2744 | D:4      | 2744 ||| FLEEEEING.
  2745 | D:4      | 2745 ||| FLEEEEING.
  2746 | D:4      | 2746 ||| FLEEEEING.
  2747 | D:4      | 2747 ||| FLEEEEING.
  2748 | D:4      | 2748 ||| FLEEEEING.
  2749 | D:4      | 2749 ||| FLEEEEING.
  2750 | D:4      | 2750 ||| FLEEEEING.
  2751 | D:4      | 2751 ||| FLEEEEING.
  2752 | D:4      | 2752 ||| FLEEEEING.
  2753 | D:4      | 2753 ||| STAIRDANCE
  2781 | D:3      | 2781 ||| READING scroll labelled BUESTIR QYINI.
  2782 | D:3      | 2782 ||| READING 2 scrolls of identify.
  2782 | D:3      | 2782 ||| IDENTIFYING silvery potion
  2784 | D:4      | Identified the +9 quarterstaff of Fixation {flame, +Blink
                  | rC+ Str+8 Dex-3}
  2792 | D:4      | 2792 ||| READING scroll of enchant weapon.
  2792 | D:4      | 2792 ||| ENCHANTING +2 sling.
  2816 | D:4      | Found a white marble altar of Elyvilon.
  3172 | D:4      | 3172 ||| READING 3 scrolls of identify.
  3172 | D:4      | 3172 ||| IDENTIFYING metallic black potion
  3198 | D:5      | Entered Level 5 of the Dungeon
  3198 | D:5      | Found a runed translucent door.
  3200 | D:5      | Noticed qw's ghost (amateur GrFi)
  3549 | D:5      | Reached skill level 7 in Ranged Weapons
  3549 | D:5      | Reached XP level 7. HP: 66/66 MP: 7/7
  3605 | D:5      | Reached skill level 8 in Ranged Weapons
  3605 | D:5      | 3605 ||| DRINKING 2 fizzy white potions.
  3609 | D:5      | 3609 ||| READING 2 scrolls of identify.
  3609 | D:5      | 3609 ||| IDENTIFYING puce potion
  3610 | D:5      | 3610 ||| DROPPING potion of berserk rage.
  3618 | D:5      | HP: 13/66 [poisoned by a scorpion]
  3619 | D:5      | 3619 ||| READING 3 scrolls of teleportation.
  3620 | D:5      | 3620 ||| DRINKING 4 potions of heal wounds.
  3626 | D:5      | HP: 15/66 [poisoned by a scorpion]
  3917 | D:5      | Reached skill level 3 in Dodging
  3935 | D:5      | 3935 ||| Stepping ~*~*~tactically~*~*~ (outnumbered).
  4121 | D:5      | Reached XP level 8. HP: 67/75 MP: 8/8
  4554 | D:5      | Reached skill level 9 in Ranged Weapons
  4596 | D:5      | Found a hazy altar of Hepliaklqana.
  4639 | D:5      | 4639 ||| DRINKING 3 lumpy puce potions.
  4676 | D:5      | 4676 ||| DROPPING 2 potions of lignification.
  4814 | D:6      | 4814 ||| Stepping ~*~*~tactically~*~*~ (outnumbered).
  4927 | D:6      | Noticed Sigmund
  4929 | D:6      | 4929 ||| FLEEEEING.
  4930 | D:6      | 4930 ||| FLEEEEING.
  4931 | D:6      | 4931 ||| FLEEEEING.
  4932 | D:6      | 4932 ||| FLEEEEING.
  4933 | D:6      | 4933 ||| FLEEEEING.
  4942 | D:6      | 4942 ||| FLEEEEING.
  4958 | D:6      | Killed Sigmund
  4959 | D:6      | Reached skill level 6 in Fighting
  5148 | D:6      | HP: 18/78 [poisoned by a kobold brigand (curare-tipped
                  | dart)]
  5149 | D:6      | 5149 ||| READING 3 scrolls of teleportation.
  5149 | D:6      | HP: 5/78 [kobold brigand/+0 dagger (7)]
  5150 | D:6      | 5150 ||| DRINKING 3 potions of heal wounds.
  5484 | D:6      | 5484 ||| Stepping ~*~*~tactically~*~*~ (outnumbered).
  5526 | D:6      | Found a staircase to the Ecumenical Temple.
  5527 | D:6      | 5527 ||| PLANNING TEMPLE
  5527 | D:6      | 5527 ||| READING scroll labelled IMUOSU ZIFENEI.
  5533 | Temple   | Entered the Ecumenical Temple
  5690 | Temple   | 5690 ||| PLANNING D:1-11
  5838 | D:6      | 5838 ||| READING scroll of brand weapon.
  5838 | D:6      | 5838 ||| BRANDING +3 sling of chaos.
  6031 | D:6      | 6031 ||| READING scroll labelled RANWUA LYHOA.
  6032 | D:6      | 6032 ||| DRINKING 2 murky amethyst potions.
  6033 | D:6      | 6033 ||| DRINKING 4 potions of curing.
  6033 | D:6      | 6033 ||| (to cure confusion)
  6034 | D:6      | 6034 ||| DROPPING potion of ambrosia.
  6091 | D:7      | Noticed Dowan
  6092 | D:7      | Noticed Duvessa
  6098 | D:7      | 6098 ||| STAIRDANCE
  6104 | D:6      | Killed Duvessa
  6105 | D:6      | Reached skill level 10 in Ranged Weapons
  6107 | D:6      | Reached skill level 3 in Armour
  6107 | D:6      | HP: 19/78 [poisoned by a kobold brigand]
  6108 | D:6      | 6108 ||| READING 2 scrolls of teleportation.
  6109 | D:6      | 6109 ||| DRINKING 2 potions of heal wounds.
  6303 | D:7      | 6303 ||| FLEEEEING.
  6304 | D:7      | 6304 ||| FLEEEEING.
  6306 | D:7      | HP: 18/78 [orc warrior/+0 glaive (12)]
  6307 | D:7      | 6307 ||| READING scroll of teleportation.
  6308 | D:7      | 6308 ||| DRINKING potion of heal wounds.
  6310 | D:7      | 6310 ||| FLEEEEING.
  6482 | D:7      | Reached XP level 9. HP: 86/86 MP: 9/9
  6611 | D:7      | 6611 ||| SWAPPING to +0 orcbow.
  6612 | D:7      | 6612 ||| DROPPING +3 sling of flaming.
  7085 | D:7      | Reached skill level 11 in Ranged Weapons
  7168 | D:7      | 7168 ||| Stepping ~*~*~tactically~*~*~ (outnumbered).
  7171 | D:7      | 7171 ||| Stepping ~*~*~tactically~*~*~ (outnumbered).
  7809 | D:8      | Paralysed by a hornet for 3 turns
  7814 | D:8      | HP: 19/86 [poisoned by a hornet]
  7819 | D:8      | HP: 9/86 [poisoned by a hornet]
  8056 | D:8      | Found Saseih's Book Shop.
  8244 | D:8      | Reached skill level 12 in Ranged Weapons
  8338 | D:8      | Found an ornate altar of the Wu Jian Council.
  8339 | D:8      | Found an iron altar of Okawaru.
  8339 | D:8      | Found a snail-covered altar of Cheibriados.
  8340 | D:8      | 8340 ||| PLANNING OKAWARU WORSHIP
  8347 | D:8      | Became a worshipper of Warmaster Okawaru
  8348 | D:8      | 8348 ||| PLANNING D:1-11
  8385 | D:8      | 8385 ||| SWAPPING to +1 orcbow of freezing.
  8386 | D:8      | 8386 ||| DROPPING +0 orcbow.
  8404 | D:8      | 8404 ||| Stepping ~*~*~tactically~*~*~ (outnumbered).
  8454 | D:8      | Found a transporter.
  8535 | D:8      | 8535 ||| Stepping ~*~*~tactically~*~*~ (outnumbered).
  8557 | D:8      | 8557 ||| FLEEEEING.
  8558 | D:8      | 8558 ||| FLEEEEING.
  8559 | D:8      | 8559 ||| FLEEEEING.
  8560 | D:8      | 8560 ||| STAIRDANCE
  8562 | D:7      | HP: 19/89 [something/magic dart (7)]
  8768 | D:7      | 8768 ||| DRINKING 2 smoky black potions.
  8769 | D:7      | 8769 ||| DROPPING potion of invisibility.
  8985 | D:8      | Noticed Maurice
  8996 | D:8      | Killed Maurice
  9031 | D:8      | 9031 ||| DRINKING potion of cancellation.
  9042 | D:8      | Reached * piety under Okawaru
  9043 | D:8      | Reached XP level 10. HP: 86/96 MP: 10/10
  9081 | D:8      | 9081 ||| INVOKING Heroism.
  9129 | D:8      | 9129 ||| READING scroll of enchant armour.
  9129 | D:8      | 9129 ||| ENCHANTING +0 pair of gloves of dexterity.
  9136 | D:8      | 9136 ||| DRINKING 2 potions of resistance.
  9160 | D:8      | Reached skill level 13 in Ranged Weapons
  9160 | D:8      | Reached skill level 1 in Invocations
  9165 | D:8      | 9165 ||| INVOKING Heroism.
  9166 | D:8      | 9166 ||| INVOKING Heroism.
  9194 | D:8      | Found a staircase to the Lair.
  9431 | D:8      | 9431 ||| PLANNING LAIR
  9431 | D:8      | 9431 ||| UPGRADING to +0 cloak.
  9436 | D:8      | 9436 ||| READING 2 scrolls of identify.
  9436 | D:8      | 9436 ||| IDENTIFYING lumpy pink potion
  9437 | D:8      | 9437 ||| DROPPING potion of attraction.
  9536 | Lair:1   | Entered Level 1 of the Lair of Beasts
  9578 | Lair:1   | 9578 ||| FLEEEEING.
  9654 | Lair:1   | Noticed Harold
  9655 | Lair:1   | 9655 ||| FLEEEEING.
  9656 | Lair:1   | 9656 ||| FLEEEEING.
  9657 | Lair:1   | 9657 ||| FLEEEEING.
  9658 | Lair:1   | 9658 ||| FLEEEEING.
  9659 | Lair:1   | 9659 ||| FLEEEEING.
  9660 | Lair:1   | 9660 ||| FLEEEEING.
  9661 | Lair:1   | 9661 ||| FLEEEEING.
  9662 | Lair:1   | 9662 ||| FLEEEEING.
  9663 | Lair:1   | 9663 ||| FLEEEEING.
  9664 | Lair:1   | 9664 ||| FLEEEEING.
  9665 | Lair:1   | 9665 ||| FLEEEEING.
  9666 | Lair:1   | 9666 ||| FLEEEEING.
  9667 | Lair:1   | 9667 ||| FLEEEEING.
  9668 | Lair:1   | 9668 ||| FLEEEEING.
  9669 | Lair:1   | 9669 ||| STAIRDANCE
  9773 | Lair:1   | 9773 ||| INVOKING Heroism.
  9786 | Lair:1   | 9786 ||| STAIRDANCE
  9788 | D:8      | 9788 ||| INVOKING Heroism.
  9794 | D:8      | HP: 20/99 [Harold/+0 flail (9)]
  9795 | D:8      | 9795 ||| READING 2 scrolls of teleportation.
  9796 | D:8      | Killed Harold
  9797 | D:8      | Reached skill level 9 in Fighting
  9797 | D:8      | Reached skill level 3 in Invocations
 10210 | Lair:1   | Noticed a cane toad
 10211 | Lair:1   | 10211 ||| INVOKING Heroism.
 10215 | Lair:1   | Killed a cane toad
 10323 | Lair:1   | Reached ** piety under Okawaru
 10333 | Lair:1   | Reached skill level 6 in Dodging
 10908 | Lair:1   | Noticed a cane toad
 10909 | Lair:1   | 10909 ||| INVOKING Heroism.
 10917 | Lair:1   | Killed a cane toad
 11094 | Lair:1   | 11094 ||| INVOKING Heroism.
 11100 | Lair:1   | Reached XP level 11. HP: 106/106 MP: 10/13
 11112 | Lair:1   | Reached *** piety under Okawaru
 11124 | Lair:1   | 11124 ||| INVOKING Heroism.
 11509 | Lair:2   | Noticed qw's ghost (journeyman GrFi)
 11514 | Lair:2   | Reached skill level 14 in Ranged Weapons
 11563 | Lair:2   | 11563 ||| INVOKING Heroism.
 11604 | Lair:2   | 11604 ||| INVOKING Heroism.
 11612 | Lair:2   | Noticed Nergalle
 11614 | Lair:2   | HP: 24/108 [elephant (11)]
 11615 | Lair:2   | 11615 ||| READING 2 scrolls of teleportation.
 11615 | Lair:2   | HP: 8/108 [elephant (6)]
 11647 | Lair:2   | 11647 ||| READING scroll of teleportation.
 11648 | Lair:2   | 11648 ||| INVOKING Heroism.
 11720 | Lair:2   | 11720 ||| FLEEEEING.
 11721 | Lair:2   | 11721 ||| FLEEEEING.
 11722 | Lair:2   | 11722 ||| INVOKING Heroism.
 11955 | Lair:2   | 11955 ||| INVOKING Heroism.
 11966 | Lair:2   | Received a gift from Okawaru
 11967 | Lair:2   | Reached skill level 15 in Ranged Weapons
 12102 | Lair:2   | 12102 ||| INVOKING Heroism.
 12118 | Lair:2   | Found a transporter.
 12121 | Lair:2   | Found a transporter.
 12151 | Lair:2   | Noticed a death yak
 12151 | Lair:2   | Noticed a death yak
 12151 | Lair:2   | Noticed a death yak
 12151 | Lair:2   | Noticed a death yak
 12152 | Lair:2   | 12152 ||| INVOKING Heroism.
 12152 | Lair:2   | Noticed a death yak
 12161 | Lair:2   | Killed a death yak
 12162 | Lair:2   | Reached skill level 6 in Armour
 12171 | Lair:2   | Killed a death yak
 12172 | Lair:2   | HP: 19/108 [death yak (19)]
 12176 | Lair:2   | HP: 7/108 [death yak (6)]
 12177 | Lair:2   | Slain by a death yak

Levels and vault maps discovered:
D:1:      ncdulo_lavacross, layout_rooms, shapermc_ecumenical_altar_mp_vishouse,
          minmay_nonomino_d4
D:2:      minmay_spotlight, layout_basic, serial_shops, nicolae_diamond_shop,
          shop, shop, nicolae_shop_bloodbath_and_beyond, shop,
          nicolae_figureground_sparkle
D:3:      layout_basic, grunt_temple_overflow_champion_of_chaos,
          grunt_temple_overflow_open, minmay_crystal_room, uniq_robin
D:4:      layout_basic, lemuel_tele_altar, saegor_snake_ambush
D:5:      old_forge, layout_loops_ring, kennysheep_little_box,
          ebering_ghost_sewer_d
D:6:      layout_gridville, minmay_temple_entry_crystal_x, uniq_sigmund
D:7:      layout_basic, serial_co_window_serial, co_window_paths_a,
          co_window_paths_b, co_window_corner_a, co_window_paths_a,
          co_window_corner_a, co_window_paths_a, co_window_corner_a,
          co_window_paths_c, co_window_corner_b, co_window_paths_c,
          co_window_unsneaky_path_c, co_window_4corner_a, co_window_paths_e,
          glass_columns_a, glass_columns_a, glass_columns_b, glass_columns_a,
          uniq_duvessa
D:8:      layout_gridville, chequers_temple_overflow_statue_of_worship,
          erik_lair_dragon, serial_shops, shop, nicolae_diode_basic,
          uniq_maurice
Temple:   chequers_temple_sunken
Lair:1:   layout_layer_cave, serial_bayou_shore_b, uniq_harold
Lair:2:   layout_loops_ring, gammafunk_ghost_hive, infiniplex_staircase_pool_2,
          uniq_nergalle

Skill      XL: |  1  2  3  4  5  6  7  8  9 10 11 |
---------------+----------------------------------+-----
Ranged Weapons | 3 4 5 7 8 10 12 13 15 | 15.2
Fighting       | 2 4 5 7 8 9 10 | 10.0
Armour         | 2 3 4 5 6 |  6.5
Dodging        | 3 4 5 6 7 |  7.0
Invocations    | 4 |  4.3
Spellcasting   | |  1.0
Hexes          | |  2.0

Action                     |  1- 3 |  4- 6 |  7- 9 | 10-12 || total
---------------------------+-------+-------+-------+-------++-------
   Fire: Sling             |   112 |   150 |   247 |       ||   509
         Orcbow            |       |       |   159 |   256 ||   415
 Invoke: Heroism           |       |       |       |    15 ||    15
    Use: Scroll            |     5 |    14 |     8 |     5 ||    32
         Potion            |       |     2 |    10 |     1 ||    13
 Armour: Robe              |    11 |       |       |       ||    11
         Ring mail         |       |    41 |   102 |    66 ||   209
  Dodge: Dodged            |    33 |    65 |   197 |   134 ||   429

Table legend:
 A = Non-vault XP
 B = Vault XP
 C = Vault XP percentage of total XP
 D = Non-vault monster count
 E = Vault monster count
 F = Vault count percentage of total count
                 A         B        C        D         E       F
            +---------+---------+-------+---------+---------+-------
      Total |   14458 |    3611 |  20.0 |     199 |      41 |  17.1
            +---------+---------+-------+---------+---------+-------
        D:1 |      45 |      23 |  33.8 |      25 |       5 |  16.7
        D:2 |      29 |       2 |   6.5 |      11 |       1 |   8.3
        D:3 |     185 |      85 |  31.5 |      10 |      12 |  54.5
        D:4 |     278 |      17 |   5.8 |      21 |       3 |  12.5
        D:5 |     404 |     552 |  57.7 |      24 |      11 |  31.4
        D:6 |     508 |     379 |  42.7 |      15 |       2 |  11.8
        D:7 |    1304 |       0 |   0.0 |      29 |       0 |   0.0
        D:8 |    1199 |    2553 |  68.0 |      23 |       7 |  23.3
     Lair:1 |    4022 |       0 |   0.0 |      18 |       0 |   0.0
     Lair:2 |    6484 |       0 |   0.0 |      23 |       0 |   0.0
            +---------+---------+-------+---------+---------+-------
